 Dungeon Crawl Stone Soup version 0.30-a0-394-g3e4acdb0ae (webtiles) character file.

Game seed: 905511761539340382

42 sokol815 the Sneak (level 3, 0/23 HPs)
             Began as a Kobold Delver on Dec 6, 2022.
             Slain by Pargi (2 damage)
             ... in a sewer.
             The game lasted 00:01:37 (189 turns).

sokol815 the Sneak (Kobold Delver)                   Turns: 189, Time: 00:01:38

Health: 0/23       AC:  3    Str:  9    XL:     3   Next: 77%
Magic:  3/3        EV: 14    Int: 11    God:
Gold:   18         SH:  0    Dex: 18    Spells: 2/2 levels left

rFire   . . .      SeeInvis .    a - +0 short sword
rCold   . . .      Faith    .    (no shield)
rNeg    . . .      Spirit   .    b - +0 leather armour
rPois   .          Reflect  .    (no helmet)
rElec   .          Harm     .    (no cloak)
rCorr   .          Rampage  .    (no gloves)
Will    .....                    (no boots)
Stlth   ++........               (no amulet)
HPRegen 0.23/turn                (no ring)
MPRegen 0.08/turn                (no ring)

@: very slow
A: small, no large weapons, nightstalker 3
a: no special abilities


You were in a sewer.
You visited 1 branch of the dungeon, and saw 2 of its levels.
You also visited: Sewer.

You collected 18 gold pieces.

Inventory:

Hand Weapons
 a - a +0 short sword (weapon)
Armour
 b - a +0 leather armour (worn)
Wands
 d - a wand of digging (3)
Scrolls
 c - a scroll of fog
 E - a scroll of fear
 X - a scroll of magic mapping {@r4!r}


   Skills:
 - Level 3.2 Fighting
 + Level 5.1 Short Blades
 - Level 2.4 Dodging
 - Level 6.6 Stealth


You had 2 spell levels left.
You didn't know any spells.
Your spell library was empty.

Dungeon Overview and Level Annotations

Branches:
Dungeon (5/15) Zot: 11882   Sewer (1/1) Zot: 5937
 Temple: D:4-7

Altars:

Annotations:
D:4 exclusion: jelly Sewer Pargi


Innate Abilities, Weirdness & Mutations

You are small and have problems with some larger weapons.
You are completely attuned to the shadows.


Message History

t - Shout!
Orders for allies: a - Attack new target. r - Retreat! s - Stop attacking. g - Guard the area. f - Follow me.
Anything else - Cancel.
You shout for attention!
The frilled lizard hisses angrily.
No reachable target in view!
You completely miss the frilled lizard. The frilled lizard misses you.
You hit the frilled lizard.
You kill the frilled lizard!
No target in view!
You enter the shallow water.
Moving in this stuff is going to be slow.
You enter the shallow water.
Moving in this stuff is going to be slow.
You enter the shallow water.
Moving in this stuff is going to be slow.
You enter the shallow water.
Moving in this stuff is going to be slow.
A frilled lizard comes into view.
No reachable target in view!
Unknown command.
Unknown command.
What are your orders? t - Shout!
Orders for allies: a - Attack new target. r - Retreat! s - Stop attacking. g - Guard the area. f - Follow me.
Anything else - Cancel.
You shout for attention!
The frilled lizard hisses angrily.
You hear a shout!
You hear an angry hiss. x3
You hit the frilled lizard.
You kill the frilled lizard!
No target in view!
No target in view!
A ball python comes into view.
Pargi the Meek comes into view.
You enter the shallow water.
Moving in this stuff is going to be slow.
The ball python bites you. The ball python grabs you.
The ball python constricts you.
You take 2 damage, and have 21/23 hp.
You escape the ball python's grasp.
The ball python attacks as you move away!
The ball python closely misses you. The ball python completely misses you.
The ball python barely misses you. The ball python grabs you.
The ball python constricts you.
You take 1 damage, and have 20/23 hp.
You hit the ball python. The ball python closely misses you.
The ball python constricts you.
You take 1 damage, and have 19/23 hp.
You hit the ball python but do no damage.
The ball python bites you but does no damage.
The ball python constricts you.
You closely miss the ball python. The ball python barely misses you.
The ball python constricts you.
You take 1 damage, and have 18/23 hp.
You hit the ball python. You hit the ball python. The ball python bites you.
The ball python constricts you.
You take 1 damage, and have 17/23 hp.
You closely miss the ball python. The ball python misses you.
The ball python constricts you.
You take 1 damage, and have 16/23 hp.
You closely miss the ball python.
The ball python bites you but does no damage.
The ball python constricts you.
You hit the ball python.
You kill the ball python!
You hit Pargi but do no damage. Pargi misses you. Pargi claws you. x2
You take 3 damage, and have 14/23 hp.
You hit Pargi. You barely miss Pargi. Pargi completely misses you. x2
Pargi barely misses you.
You closely miss Pargi. Pargi bites you. Pargi misses you.
Pargi barely misses you.
You take 2 damage, and have 12/23 hp.
You are too injured to fight recklessly!
You are too injured to fight recklessly!
You are too injured to fight recklessly!
You are too injured to fight recklessly!
You are too injured to fight recklessly!
You hit Pargi. Pargi misses you. Pargi barely misses you. x2
You barely miss Pargi. Pargi barely misses you. Pargi claws you.
Pargi claws you but does no damage.
You take 2 damage, and have 11/23 hp.
You hit Pargi. You hit Pargi but do no damage. Pargi bites you!
* * * LOW HITPOINT WARNING * * *
Pargi claws you.
* * * LOW HITPOINT WARNING * * *
Pargi closely misses you.
You take 10 damage, and have 1/23 hp.
MASSIVE DAMAGE!!
You enter the shallow water.
Moving in this stuff is going to be slow.
Pargi attacks as you move away! Pargi bites you but does no damage.
Pargi claws you but does no damage. Pargi claws you.
You die...

≈≈≈≈≈≈≈≈≈≈≈≈≈≈≈≈
≈≈≈≈≈≈≈≈≈≈≈≈≈≈≈≈≈
≈≈≈≈≈≈≈≈≈..~.≈≈≈≈≈
≈≈≈≈≈≈≈≈≈≈≈~.###~≈≈≈≈
≈≈≈≈≈≈≈≈≈~~.## ##~≈≈≈
≈≈≈≈≈≈≈≈≈~#.## #..≈≈≈
≈≈≈≈≈≈≈~.~#### ###~~≈
≈≈≈≈≈≈....# ##.~
≈≈≈≈≈≈@#### ##~
≈≈≈≈≈T.# #. ≈≈≈≈.###
## ≈≈≈≈†# # ≈≈≈≈≈~#
## ≈≈≈≈≈.# #. ≈≈≈≈≈≈~
## ≈≈≈≈≈.## #


You could see Pargi.

Vanquished Creatures
  A hound (D:5)
  An adder (D:5)
  2 ball pythons (Sewer)
  2 frilled lizards (Sewer)
6 creatures vanquished.

Notes
Turn   | Place    | Note
-------+----------+-------------------------------------------
     0 | D:5      | sokol815 the Kobold Delver began the quest for the Orb.
     0 | D:5      | Reached XP level 1. HP: 14/14 MP: 1/1
    24 | D:5      | Reached skill level 3 in Short Blades
    24 | D:5      | Reached XP level 2. HP: 19/19 MP: 2/2
    52 | D:5      | Reached skill level 5 in Short Blades
    52 | D:5      | Reached XP level 3. HP: 15/23 MP: 3/3
    95 | D:4      | Noticed a scorpion
   119 | D:4      | Found a glowing drain.
   125 | Sewer    | Entered a sewer
   168 | Sewer    | Noticed Pargi
   186 | Sewer    | HP: 3/23 [Pargi (8)]
   186 | Sewer    | HP: 1/23 [Pargi (2)]
   189 | Sewer    | Slain by Pargi

Illustrated notes

Levels and vault maps discovered:
D:4:      layout_cave_pools, makhleb_heckhound_becter,
          cheibrodos_sewer_entry_sluice, nicolae_ossuary_entry_catacombs,
          uniq_duvessa
D:5:      layout_loops_ring, nicolae_gozag_cash_rules_everything_around_me,
          minmay_misc_feat_tiny, uniq_pikel
Sewer:    sewer_co_pargi_island

Skill      XL: |  1  2 |
---------------+-------+-----
Short Blades   | 3 5 |  5.1
Fighting       | |  3.2
Dodging        | |  2.4
Stealth        | |  6.6

Action                   || total
-------------------------++-------
Melee: Short sword       ||    39
  Use: Potion            ||     1
 Stab: Sleeping          ||     1
Armor: Leather armour    ||    11
Dodge: Dodged            ||    36

Table legend: (Time is in decaauts)
 A = Elapsed time spent in this place.
 B = Non-inter-level travel time spent in this place.
 C = Inter-level travel time spent in this place.
 D = Time resting spent in this place.
 E = Time spent auto-exploring this place.
 F = Levels seen in this place.
 G = Mean time per level.
                   A        B        C        D        E       F      G
               +--------+--------+--------+--------+--------+-----+--------+
         Total |    180 |    180 |      0 |     12 |     43 |   3 |   60.0 |
       Dungeon |    117 |    117 |      0 |     12 |     27 |   2 |   58.5 |
         Sewer |     63 |     63 |      0 |      0 |     16 |   1 |   63.0 |
               +--------+--------+--------+--------+--------+-----+--------+

Top non-repeatable levels by time:
     D:5: 91 daAuts
   Sewer: 63 daAuts
     D:4: 25 daAuts

Table legend:
 A = Kills in this place as a percentage of kills in entire the game.
 B = Kills by you in this place as a percentage of kills by you in the entire game.
 C = Kills by friends in this place as a percentage of kills by friends in the entire game.
 D = Other kills in this place as a percentage of other kills in the entire game.
 E = Experience gained in this place as a percentage of experience gained in the entire game.
 F = Experience gained in this place divided by the number of levels of this place that you have seen.
                   A       B       C       D       E      F
               +-------+-------+-------+-------+-------+----------------------
         Total | 100.0 | 100.0 |   N/A |   N/A | 100.0 |  20.0
       Dungeon |  33.3 |  33.3 |   N/A |   N/A |  91.7 |  27.5
         Sewer |  66.7 |  66.7 |   N/A |   N/A |   8.3 |   5.0
               +-------+-------+-------+-------+-------+----------------------
